Unix NetHack Version 3.7.0-97 Work-in-progress - last build Jan 28 2024 04:41:54 (eae211b052f4c4d875b52ed558e44d2f93f0896c,branch:master). Game began 2024-02-02 08:13:53, ended 2024-02-02 08:17:53. elenmirie, lawful female human Knight ---------- ----- |........| |....####### ######d@#u# +........| |>..| ## ### #### |........| |....## ########### ##########################.........| |...| ######## # ####-------------- |........| |...| ### ### #|.............##########.........| ###+ -.-.- ### ######|............| -----.----## ## # #..............####### # # #### #0 #-------------- ## # # # #### ####### ## # -------------- # # # ## |.............### ## # # |...>.......%| %## ---.--- # |........{...%#### |.....|## -------------- |.....|# |<....-# |.%...| ------- Elenmirie the Esquire St:14 Dx:8 Co:12 In:7 Wi:16 Ch:18 Lawful Dlvl:3 $:40 HP:0(30) Pw:27(27) AC:3 Xp:3/40 T:1029 Hungry Burdened Latest messages: You miss the fox. The fox misses! The fox bites! The fox bites! You miss the fox. The fox bites! The fox bites! You kill the fox! Welcome to experience level 3. You hear someone cursing shoplifters. You swap places with Arod. What do you want to call? [ilnp or ?*] ? Call a cubical amulet: ESP You hear someone cursing shoplifters. You hear the chime of a cash register. You swap places with Arod. The newt misses! Arod misses the newt. Arod misses the newt. Arod hits the newt. Arod knocks the newt backward with a powerful strike! The newt bites! Arod misses the newt. Arod bites the newt. The newt bites Arod. You miss the newt. Arod misses the newt. Arod bites the newt. The newt is killed! You swap places with Arod. You stop. Arod is in the way! You swap places with Arod. You stop searching. You are beginning to feel hungry. You swap places with Arod. The little dog bites! The little dog bites! You hit the little dog. The little dog bites! The little dog bites! The little dog bites! The little dog bites! You miss the little dog. The little dog bites! You die... Do you want your possessions identified? [ynq] (y) y Do you want to see your attributes? [ynq] (y) y Do you want an account of creatures vanquished? [ynaq] (y) y Do you want to see your conduct and achievements? [ynq] (y) y Do you want to see the dungeon overview? [ynq] (y) y Inventory: Coins $ - 40 gold pieces Amulets n - an uncursed amulet of ESP (being worn) Weapons a - an uncursed +1 long sword (weapon in right hand) b - an uncursed +1 lance (alternate weapon; not wielded) Armor d - an uncursed +0 helmet (being worn) f - an uncursed +0 pair of leather gloves (being worn) e - an uncursed +0 small shield (being worn) c - an uncursed +1 ring mail (being worn) Comestibles k - an uncursed holy hand grenade g - 11 uncursed apples h - 11 uncursed carrots j - an uncursed cram ration m - an uncursed food ration Scrolls p - an uncursed scroll of identify Potions i - 2 uncursed potions of healing l - a cursed potion of invisibility Tools o - an uncursed tin opener Elenmirie the Knight's attributes: Background: You were an Esquire, a level 3 female human Knight. You were lawful, nominally on a mission for Lugh who was opposed by Brigit (neutral) and Manannan Mac Lir (chaotic). You were right-handed. You were in the Dungeons of Doom, on level 3. You entered the dungeon 1029 turns ago. You had 40 experience points, 40 more were needed to attain level 4. Basics: You had 0 out of 30 hit points. You had all 27 energy points (spell power). Your armor class was 3. Your wallet contained 40 zorkmids. Autopickup was on for '$' plus thrown. Final Characteristics: Your strength was 14 (limit:18/100). Your dexterity was 8 (limit:18). Your constitution was 12 (limit:18). Your intelligence was 7 (limit:18). Your wisdom was 16 (limit:18). Your charisma was 18 (limit:18). Final Status: You were hungry. You were burdened; movement was slightly slowed. You were wielding a long sword. You had basic skill with long sword. Final Attributes: You were devoutly aligned. You were telepathic. You could jump. You were warded. You are dead. Miscellaneous: You never encountered a bones level. Total elapsed playing time was 3 minutes and 59 seconds. Major events: Turn 1: elenmirie the lawful female human Knight entered the dungeon 930: attained the rank of Esquire (level 3) 1029: killed by a little dog Vanquished creatures: a shrieker a gecko 4 jackals 2 foxes a kobold a goblin a sewer rat a grid bug 2 lichens a kobold zombie 6 newts 21 creatures vanquished. No species were genocided or became extinct. Voluntary challenges: You were an atheist. You were illiterate. You never engraved Elbereth. You never genocided any monsters. You never polymorphed an object. You never changed form. You used no wishes. Achievement: You attained the rank of Esquire. The Dungeons of Doom: levels 1 to 3 Level 1: A fountain, a grave. Level 2: A fountain. Level 3: <- You were here. A fountain. Final resting place for you, killed by a little dog. Game over: ---------- / \ / REST \ / IN \ / PEACE \ / \ | elenmirie | | 40 Au | | killed by a | | little dog | | | | | | 2024 | *| * * * | * _________)/\\_//(\/(/\)/\//\/|_)_______ Fare thee well elenmirie the Knight... You died in The Dungeons of Doom on dungeon level 3 with 296 points, and 40 pieces of gold, after 1029 moves. You were level 3 with a maximum of 30 hit points when you died.